Map: Invader LE

Players

Lyners - Winner!

  • Race: Protoss Protoss

capac

  • Race: Terran Terran
  • League: Gold

VOD

Have the link to the VOD?

Description

Time

  • Played on: May 7, 2016, 4:06 p.m.
  • Length: 16:08
Show
View Real Time Build Order
Export as new Build Order

Lyners Protoss - Winner!

Build Orders: Oracle Opening 

Get SALT Encoding   

  12  0:01  Probe (Chrono Boost)  
  13  0:12  Probe (Chrono Boost)  
  14  0:21  Pylon  
  14  0:23  Probe (Chrono Boost)  
  15  0:39  Probe (Chrono Boost)  
  17  0:50  Probe (Chrono Boost)  
  17  1:00  Probe (Chrono Boost)  
  18  1:09  Nexus  
  18  1:13  Probe (Chrono Boost)  
  19  1:20  Gateway  
  19  1:25  Assimilator  
  19  1:26  Probe (Chrono Boost)  
  20  1:34  Pylon  
  20  1:37  Probe (Chrono Boost)  
  21  1:43  Assimilator  
  21  1:48  Probe (Chrono Boost)  
  22  1:58  Probe (Chrono Boost)  
  23  2:07  Cybernetics Core  
  22  2:08  Zealot  
  22  2:09  Probe (Chrono Boost)  
  25  2:19  Probe (Chrono Boost)  
  25  2:21  Probe (Chrono Boost)  
  28  2:30  Probe (Chrono Boost)  
  28  2:32  Probe (Chrono Boost)  
  29  2:41  Probe (Chrono Boost)  
  29  2:42  Probe (Chrono Boost)  
  29  2:44  Stargate  
  31  2:50  Assimilator  
  32  2:51  Probe (Chrono Boost)  
  32  2:53  Probe (Chrono Boost)  
  33  3:02  Stalker  
  33  3:04  Warp Gate, Mothership Core (Chrono Boost)  
  37  3:07  Probe (Chrono Boost)  
  38  3:17  Probe (Chrono Boost)  
  39  3:22  Probe (Chrono Boost)  
  39  3:25  Pylon  
  40  3:34  Oracle  
  40  3:40  Stalker  
  45  3:42  Probe (Chrono Boost)  
  45  3:43  Probe (Chrono Boost)  
  47  3:52  Probe (Chrono Boost)  
  47  3:53  Probe (Chrono Boost)  
  49  3:58  Pylon  
  49  4:01  Pylon  
  49  4:03  Probe (Chrono Boost)  
  49  4:04  Probe (Chrono Boost)  
  51  4:10  Stalker  
  51  4:16  Phoenix, Probe x2 (Chrono Boost)  
  57  4:27  Probe x2 (Chrono Boost)  
  56  4:46  Assimilator  
  56  4:48  Gateway  
  56  4:49  Probe (Chrono Boost)  
  56  4:50  Probe (Chrono Boost)  
  56  4:52  Gateway  
  58  4:54  Pylon  
  58  5:00  Phoenix  
  58  5:03  Nexus  
  58  5:04  Pylon  
  60  5:09  Gateway  
  60  5:15  Probe x2 (Chrono Boost)  
  60  5:16  Forge  
  60  5:17  Zealot  
  64  5:25  Probe (Chrono Boost)  
  64  5:28  Twilight Council  
  65  5:30  Probe (Chrono Boost), Pylon  
  66  5:36  Probe (Chrono Boost)  
  66  5:39  Phoenix  
  66  5:41  Stalker  
  71  5:45  Robotics Facility  
  71  5:49  Probe (Chrono Boost)  
  72  5:53  Probe (Chrono Boost)  
  73  6:00  Probe (Chrono Boost)  
  73  6:01  Protoss Ground Weapons Level 1  
  74  6:04  Photon Cannon  
  74  6:08  Photon Cannon  
  74  6:11  Pylon  
  74  6:12  Probe (Chrono Boost)  
  74  6:15  Pylon  
  74  6:17  Charge  
  75  6:22  Photon Cannon  
  75  6:28  Photon Cannon  
  75  6:31  Probe (Chrono Boost), Pylon  
  76  6:34  Probe (Chrono Boost), Assimilator  
  76  6:38  Observer  
  78  6:42  Probe (Chrono Boost)  
  78  6:47  Templar Archives, Probe (Chrono Boost)  
  80  6:49  Phoenix  
  80  6:52  Probe (Chrono Boost)  
  80  6:53  Probe (Chrono Boost)  
  84  6:59  Probe (Chrono Boost), Assimilator  
  85  7:03  Probe (Chrono Boost), Photon Cannon, Dark Shrine  
  85  7:05  Observer  
  85  7:06  Probe (Chrono Boost)  
  88  7:17  Probe (Chrono Boost)  
  88  7:19  Pylon  
  88  7:22  Gateway  
  89  7:23  Psionic Storm  
  89  7:24  Gateway  
  89  7:25  Pylon  
  89  7:28  Pylon  
  89  7:33  High Templar x3  
  89  7:34  High Templar  
  95  7:54  Probe x3 (Chrono Boost)  
  98  8:04  Probe x3 (Chrono Boost)  
  101  8:15  Probe x3 (Chrono Boost)  
  104  8:25  Probe x3 (Chrono Boost)  
  107  8:27  Forge  
  107  8:28  Forge  
  107  8:36  Probe x3 (Chrono Boost), Pylon  
  107  8:38  Pylon  
  110  8:45  Probe x2 (Chrono Boost), Nexus  
  110  8:46  Probe (Chrono Boost)  
  110  8:47  Nexus, Protoss Ground Weapons Level 2 (Chrono Boost), Pylon  
  113  8:50  Pylon, Assimilator  
  113  8:52  Assimilator x2  
  113  8:54  Assimilator  
  113  8:55  Probe x2  
  113  8:57  Pylon x2  
  113  8:58  Probe, Photon Cannon  
  113  8:59  Pylon  
  113  9:00  Photon Cannon  
  113  9:01  Pylon  
  113  9:02  Pylon  
  116  9:05  Photon Cannon  
  116  9:16  Observer  
  116  9:21  Gateway  
  116  9:24  Photon Cannon  
  116  9:26  Photon Cannon  
  116  9:28  Protoss Shields Level 1 (Chrono Boost), Protoss Ground Armor Level 1 (Chrono Boost)  
  116  9:29  Gateway  
  116  9:31  Gateway, Blink  
  116  9:35  Probe x2  
  116  9:36  Photon Cannon  
  116  9:37  Observer  
  120  9:38  Probe  
  120  9:40  Photon Cannon  
  120  9:43  High Templar x5  
  120  9:44  High Templar  
  132  9:47  Probe  
  133  9:58  Pylon  
  133  9:59  Gateway  
  133  10:01  Probe x3  
  133  10:02  Probe x2  
  133  10:04  Gateway  
  138  10:13  Probe  
  139  10:28  Stalker  
  139  10:29  Stalker x5  
  139  10:30  Stalker  
  153  10:37  Photon Cannon  
  153  10:38  Probe  
  153  10:39  Probe x3  
  153  10:42  Gateway  
  157  10:43  Photon Cannon  
  157  10:45  Gateway  
  157  10:51  Protoss Ground Weapons Level 3 (Chrono Boost)  
  157  11:10  Protoss Ground Armor Level 2 (Chrono Boost), Protoss Shields Level 2 (Chrono Boost)  
  157  11:11  Nexus  
  157  11:15  Assimilator  
  157  11:16  Assimilator  
  156  11:18  Stargate  
  156  11:19  Observer, Pylon  
  156  11:20  Stargate  
  156  11:22  Stargate, Pylon  
  157  11:25  Pylon  
  157  11:26  Fleet Beacon  
  157  11:29  Cybernetics Core  
  157  11:30  Pylon  
  157  11:32  Robotics Facility  
  157  11:33  Pylon  
  157  11:36  Robotics Facility  
  157  11:37  Pylon  
  157  12:03  Warp Prism  
  157  12:08  Zealot x7  
  165  12:09  Zealot  
  165  12:14  Assimilator  
  175  12:17  Pylon  
  174  12:27  Resonating Glaives, Assimilator  
  174  12:31  Pylon  
  174  12:34  Anion Pulse-Crystals  
  174  12:35  Robotics Bay  
  174  12:36  Protoss Air Weapons Level 1  
  174  12:38  Protoss Air Armor Level 1  
  174  12:41  Assimilator  
  174  12:43  Photon Cannon, Pylon  
  174  12:46  Photon Cannon  
  174  12:49  Photon Cannon  
  174  12:51  Gateway  
  174  12:53  Pylon  
  174  12:55  Photon Cannon  
  174  13:04  Zealot x3  
  174  13:05  Zealot x4  
  186  13:06  Zealot x3  
  186  13:10  Dark Templar x2  
  186  13:11  Assimilator  
  186  13:12  Dark Templar  
  198  13:13  Pylon  
  182  13:34  Assimilator  
  182  13:36  Pylon  
  182  13:38  Graviton Catapult  
  180  13:45  Assimilator  
  180  13:46  Pylon  
  180  13:51  Protoss Ground Armor Level 3 (Chrono Boost), Protoss Shields Level 3 (Chrono Boost)  
  176  13:59  Assimilator  
  176  14:00  Pylon  
  174  14:10  Stalker x4  
  164  15:16  Zealot x5  
  164  15:17  Zealot x5  
  164  15:18  Zealot  
Show
View Real Time Build Order
Export as new Build Order

capac Terran 

Build Orders: Reaper Expand, MMM Bio 

Get SALT Encoding   

  12  0:01  SCV  
  13  0:13  SCV  
  14  0:19  Supply Depot  
  14  0:25  SCV  
  15  0:41  Barracks, SCV  
  16  0:45  Refinery  
  16  0:53  SCV  
  17  1:05  SCV  
  18  1:17  SCV  
  19  1:29  Orbital Command  
  19  1:30  Reaper  
  20  1:43  Command Center  
  20  1:50  Supply Depot  
  20  1:54  SCV  
  21  2:02  Marine  
  22  2:11  SCV  
  23  2:15  Factory  
  23  2:20  Refinery  
  23  2:26  SCV  
  23  2:29  Barracks Reactor  
  24  2:35  Barracks  
  24  2:39  SCV  
  25  2:51  SCV  
  26  2:55  Orbital Command  
  26  3:01  Factory Tech Lab  
  26  3:03  Starport  
  26  3:05  SCV  
  27  3:08  Marine x2  
  29  3:17  SCV  
  30  3:24  SCV  
  31  3:27  Marine x2  
  32  3:38  SCV x2  
  34  3:41  Barracks Tech Lab  
  34  3:43  Siege Tank  
  34  3:45  Medivac  
  39  3:50  Marine x2  
  39  3:53  SCV  
  39  3:54  SCV  
  43  4:03  Marine  
  43  4:05  Stimpack  
  43  4:06  Refinery  
  43  4:07  SCV x2  
  46  4:11  Engineering Bay  
  46  4:19  Starport Reactor  
  46  4:25  Marine x2  
  46  4:26  Supply Depot  
  46  4:27  SCV  
  46  4:28  SCV  
  38  4:43  Missile Turret  
  38  4:44  Missile Turret  
  37  4:57  Terran Infantry Weapons Level 1  
  37  4:58  Missile Turret  
  37  4:59  Marine x3  
  40  5:12  SCV x2  
  42  5:17  Marine  
  42  5:20  Supply Depot  
  43  5:21  Marine  
  43  5:24  SCV x2  
  46  5:36  SCV x2, Missile Turret  
  46  5:41  Marine x3  
  51  5:44  Medivac  
  53  5:51  SCV x2  
  53  5:55  Refinery  
  55  6:05  Marine  
  55  6:06  Marine x2  
  55  6:11  SCV x2  
  60  6:13  Supply Depot  
  60  6:18  Medivac  
  62  6:26  Medivac  
  62  6:28  Combat Shields  
  62  6:31  SCV x2  
  66  6:38  Supply Depot  
  66  6:39  Barracks  
  66  6:44  SCV x2  
  68  6:51  Armory  
  68  6:53  Engineering Bay  
  68  7:02  Siege Tank  
  68  7:04  SCV  
  72  7:13  Terran Infantry Armor Level 1  
  72  7:14  Marine x3  
  75  7:17  SCV  
  53  7:44  Thor  
  53  7:49  Marine x3  
  60  7:51  Barracks Reactor  
  60  7:58  SCV x2  
  60  8:03  Terran Infantry Weapons Level 2  
  60  8:08  Liberator x2  
  60  8:09  Starport  
  60  8:16  Command Center  
  60  8:17  Marine x3  
  69  8:33  SCV  
  69  8:34  SCV  
  71  8:40  Marine x4  
  75  8:45  SCV  
  75  8:46  SCV  
  75  8:47  Supply Depot  
  77  8:51  Marine  
  77  8:54  Concussive Shells  
  78  9:02  SCV x2  
  80  9:17  Liberator x2  
  80  9:19  Missile Turret  
  80  9:21  Starport Reactor  
  80  9:25  Starport  
  80  9:26  Supply Depot  
  80  9:29  Terran Infantry Armor Level 2  
  86  9:38  Marine x2  
  86  9:39  Marine x2  
  90  10:03  Liberator x2  
  90  10:12  Siege Tank  
  93  10:16  Orbital Command  
  93  10:17  SCV x2  
  101  10:29  SCV  
  102  10:36  Missile Turret  
  102  10:37  Marine x2  
  102  10:38  Marine x3  
  107  10:45  Starport Reactor, Terran Infantry Weapons Level 3  
  107  10:50  Supply Depot  
  107  10:52  SCV x2  
  107  10:53  SCV  
  107  10:55  Marine x4  
  107  10:56  Marauder  
  116  10:59  Missile Turret  
  116  11:00  Refinery  
  116  11:13  Marine x4  
  116  11:17  Marine  
  121  11:23  SCV x3  
  124  11:28  Refinery  
  124  11:31  Marine  
  125  11:40  Supply Depot  
  125  11:44  Liberator x2  
  125  12:01  Marine, SCV  
  133  12:22  Liberator x2  
  133  12:38  Supply Depot, Marine x5  
  133  12:39  Supply Depot, SCV x3  
  133  12:42  Liberator x2  
  147  12:46  Command Center  
  147  12:48  Medivac  
  149  12:52  Terran Infantry Armor Level 3  
  149  12:59  SCV x2  
  149  13:01  Medivac  
  149  13:04  Supply Depot  
  149  13:05  Supply Depot  
  159  13:06  Marine x4  
  89  14:59  Medivac  
  79  15:00  Medivac x3  
  85  15:10  Marine x5  
  90  15:27  Marine  
  90  15:28  Marine x3  
  88  15:50  Command Center  
Tags
 
Add a new tag
Caveats
  • Supply blocks, unpowered buildings, or Contaminate may cause inaccurate times.
  • Supply counts are checked every 10 seconds.